 Dungeon Crawl Stone Soup version 0.19-a0-599-g723c685 (webtiles) character file.

116 AlphabetPasta the Magician (level 5, -3/41 HPs)
             Began as a Hill Orc Wizard on June 10, 2016.
             Killed from afar by Natasha (5 damage)
             ... with a magic dart
             ... on level 3 of the Dungeon.
             The game lasted 00:12:56 (2412 turns).

AlphabetPasta the Magician (Hill Orc Wizard)        Turns: 2412, Time: 00:12:56

Health: -3/41      AC:  6    Str: 10    XL:     5   Next: 0%
Magic:  5/10       EV: 12    Int: 19    God:
Gold:   129        SH:  0    Dex:  9    Spells: 4 memorised, 1 level left

rFire  . . .     SeeInvis .     e - +0 spear
rCold  . . .     Gourm    .     a - +0 robe
rNeg   . . .     Faith    .     (no shield)
rPois  .         Spirit   .     b - +0 hat
rElec  .         Dismiss  .     (no cloak)
rCorr  .         Reflect  .     p - +0 pair of gloves
SustAt .         Harm     .     h - +2 pair of boots
MR     .....                    (no amulet)
Stlth  ++........               (no ring)
                                (no ring)

@: not resistant to hostile enchantments, unstealthy
A: no striking features
a: no special abilities


You were on level 3 of the Dungeon.
You were not hungry.

You visited 1 branch of the dungeon, and saw 3 of its levels.

You collected 129 gold pieces.

Inventory:

Hand Weapons
 e - a +0 spear (weapon)
Armour
 a - a +0 robe (worn)
 b - a +0 hat (worn)
 h - a +2 pair of boots (worn)
 p - a +0 pair of gloves (worn)
Jewellery
 l - an uncursed ring of protection from cold {unknown}
 u - an uncursed ring of sustain attributes {unknown}
Scrolls
 i - a scroll of teleportation {unknown}
 j - 2 scrolls of remove curse {unknown}
 m - a scroll of random uselessness {unknown}
 n - a scroll of fear {unknown}
 q - a scroll of magic mapping {unknown}
 r - 2 scrolls of identify {unknown}
 v - a scroll of enchant weapon {unknown}
 y - a scroll of immolation {unknown}
Potions
 k - a potion of flight
 o - a potion of invisibility {unknown}
 s - a potion of lignification
 w - a potion of curing {unknown}
 x - a potion of might {unknown}
Books
 c - a book of Minor Magic

   Spells                             Type                      Level
   a - Magic Dart                     Conjuration                  1
   b - Blink                          Translocation                2
   c - Call Imp                       Summoning                    2
   d - Repel Missiles                 Charms/Air                   2
   e - Slow                           Hexes                        2
   f - Conjure Flame                  Conjuration/Fire             3
   g - Mephitic Cloud                 Conjuration/Poison/Air       3
Comestibles
 d - a bread ration


   Skills:
 + Level 1.9 Fighting
 - Level 1.5 Dodging
 - Level 1.5 Stealth
 * Level 3.3 Spellcasting
 * Level 2.8 Conjurations
   Level 1.0 Summonings
 - Level 0.7 Translocations
 + Level 0.0 Fire Magic
 + Level 0.0 Poison Magic


You had one spell level left.
You knew the following spells:

 Your Spells              Type           Power        Failure   Level  Hunger
a - Magic Dart            Conj           ##..         6%          1    None
b - Blink                 Tloc           N/A          17%         2    ##.....
c - Conjure Flame         Conj/Fire      #.......     28%         3    ###....
d - Mephitic Cloud        Conj/Pois/Air  #.......     34%         3    ###....


Dungeon Overview and Level Annotations

Branches:
Dungeon (3/15)

Altars:
Makhleb
Pakellas
Zin

Annotations:
D:3 Natasha


Message History

Natasha is severely wounded.
Natasha casts a spell.
You closely miss Natasha.
Natasha is severely wounded.
Natasha closely misses you.
You closely miss Natasha.
Natasha is severely wounded.
Natasha claws you.
* * * LOW HITPOINT WARNING * * *
Unknown command.
Natasha mumbles some strange words.
All of the chunks of flesh in your inventory have rotted away.
An orc wizard appears from thin air!
Reactivating autopickup.
Natasha casts a spell at you. The magic dart hits you!
Natasha mumbles some strange words.
Natasha casts a spell at you. The magic dart hits you!
You die...

#.###.###.###..#.##.# ##.#
#..(....(...##...##.# #.<#
#######.#####.##..###.# ##.##
...####.# #<....##..# ##..#
........# ####..##.####..##
.#####..### #...........### # .#
##...## #.###.##......#### ##
#.#..## #.###.#...###.....
#..#..# #@........# ##....
##.##.####.(......## ##....
######.##..##.........####.....
###.)...55....h.............).#..
)...####.#...5..........#######..
##### #.#.##.......##### ###
##...####.#..##
####o..#####....##
#.....##......)..#


You could see Natasha and a white imp.

Vanquished Creatures
  Natasha (twice) (D:3)
  An adder (D:2)
  A worm (D:2)
  A giant gecko (D:2)
  6 orcs (D:3)
  8 bats
  4 giant cockroaches
  2 hobgoblins
  3 jackals (D:1)
  7 kobolds
  A quokka (D:1)
  5 giant newts
  5 goblins
  2 rats (D:1)
48 creatures vanquished.

Notes
Turn   | Place    | Note
--------------------------------------------------------------
     0 | D:1      | AlphabetPasta the Hill Orc Wizard began the quest for the Orb.
     0 | D:1      | Reached XP level 1. HP: 14/14 MP: 3/3
   289 | D:1      | Reached XP level 2. HP: 20/20 MP: 3/5
   293 | D:1      | Learned a level 2 spell: Blink
  1024 | D:2      | Reached XP level 3. HP: 18/27 MP: 1/7
  1196 | D:2      | Reached skill level 3 in Spellcasting
  1234 | D:2      | Reached skill level 1 in Fighting
  1798 | D:3      | Found a glowing silver altar of Zin.
  1980 | D:3      | Found an oddly glowing altar of Pakellas.
  2034 | D:3      | Noticed Natasha
  2059 | D:3      | HP: 1/28 [Natasha (5)]
  2062 | D:3      | Killed Natasha
  2062 | D:3      | Reached XP level 4. HP: 1/35 MP: 6/8
  2094 | D:3      | Noticed Natasha
  2099 | D:3      | HP: 2/52 [Natasha/magic dart (4)]
  2131 | D:3      | Killed Natasha
  2136 | D:3      | Learned a level 3 spell: Conjure Flame
  2140 | D:3      | Learned a level 3 spell: Mephitic Cloud
  2274 | D:3      | Found a burning altar of Makhleb.
  2328 | D:3      | Noticed Natasha
  2353 | D:3      | Reached XP level 5. HP: 21/41 MP: 8/10
  2400 | D:3      | HP: 1/41 [Natasha (3)]
  2412 | D:3      | Killed from afar by Natasha

Vault maps used:
D:1:      moated_graveyard_arrival
D:3:      nicolae_overflow_hidden_temple, overflow_temple_1_default,
          lightli_temple_of_fire, overflow_temple_1_default,
          lemuel_doored_altar, grunt_dithmenos_smoke, first_bread, minivault_4,
          uniq_natasha

Skill      XL: |  1  2  3 |
---------------+----------+-----
Spellcasting   | 3 |  3.3
Conjurations   | 2 |  2.8
Fighting       | 1 |  1.9
Dodging        | |  1.5
Stealth        | |  1.5
Summonings     | |  1.0
Translocations | |  0.7

Action                   |  1- 3 |  4- 6 || total
-------------------------+-------+-------++-------
Melee: Unarmed           |    16 |       ||    16
       Spear             |    44 |    68 ||   112
 Cast: Magic Dart        |    89 |    33 ||   122
  Use: Potion            |     2 |     4 ||     6
 Stab: Sleeping          |     1 |       ||     1
  Eat: Chunk             |     3 |       ||     3
       Bread ration      |       |     1 ||     1
Armor: Robe              |    16 |    23 ||    39
       Skin              |       |    31 ||    31
Dodge: Dodged            |    46 |    29 ||    75
